 Dungeon Crawl Stone Soup version 0.23.2-40-g277498a001 (webtiles) character file.

Game seed: 6683586201978938902

6 MalarOregon the Sneak (level 1, 0/13 HPs)
             Began as a Merfolk Enchanter on Aug 13, 2019.
             Slain by a giant cockroach (2 damage)
             ... on level 1 of the Dungeon.
             The game lasted 00:00:26 (136 turns).

MalarOregon the Sneak (Merfolk Enchanter)            Turns: 136, Time: 00:00:26

Health: 0/13       AC:  2    Str:  8    XL:     1   Next: 90%
Magic:  2/3        EV: 13    Int: 14    God:
Gold:   0          SH:  0    Dex: 14    Spells: 3/4 levels left

rFire    . . .     SeeInvis .   a - +1 dagger
rCold    . . .     Gourm    .   (no shield)
rNeg     . . .     Faith    .   b - +0 robe
rPois    .         Spirit   .   (no helmet)
rElec    .         Reflect  .   (no cloak)
rCorr    .         Harm     .   (no gloves)
MR       .....                  (no boots)
Stlth    ++........             (no amulet)
HPRegen  0.04/turn              (no ring)
MPRegen  0.08/turn              (no ring)

@: no status effects
A: change form in water, swift swim, stealthy swim
a: no special abilities


You were on level 1 of the Dungeon.
You were not hungry.

You visited 1 branch of the dungeon, and saw 1 of its levels.

Inventory:

Hand Weapons
 a - a +1 dagger (weapon)
Armour
 b - a +0 robe (worn)
Comestibles
 e - a ration {!d}


   Skills:
 + Level 0.3 Fighting
 + Level 1.4 Short Blades
 + Level 2.8 Dodging
 + Level 3.3 Stealth
 + Level 2.0 Spellcasting
 + Level 3.1 Hexes


You had 3 spell levels left.
You knew the following spells:

 Your Spells              Type           Power        Failure   Level  Hunger
a - Corona                Hex            ##.....      7%          1    ##.....

Your spell library contained the following spells:

 Spells                   Type           Power        Failure   Level  Hunger
 Ensorcelled Hibernation  Hex/Ice        #.....       19%         2    ###....
 Confuse                  Hex            ##......     21%         3    ####...
 Tukima's Dance           Hex            ##......     21%         3    ####...
 Dazzling Spray           Conj/Hex       #.....       36%         3    ####...


Dungeon Overview and Level Annotations

Branches:
Dungeon (1/15)

Altars:


Message History

You hit the jackal but do no damage. The jackal bites you.
* * * LOW HITPOINT WARNING * * *
Aim: a jackal (moderately wounded, chance to defeat MR: 62%)
The jackal is outlined in light.
The jackal bites you but does no damage.
The jackal barely misses you.
You hit the jackal. The jackal barely misses you.
You hit the jackal.
The jackal bites you but does no damage.
You hit the jackal but do no damage. The jackal bites you.
* * * LOW HITPOINT WARNING * * *
You hit the jackal.
You kill the jackal!
The jackal barely misses you.
You closely miss the jackal.
The jackal bites you but does no damage.
You don't have enough magic to cast that spell.
You closely miss the jackal. The jackal barely misses you.
You closely miss the jackal. The jackal closely misses you.
The jackal barely misses you.
You hit the jackal. The jackal bites you.
* * * LOW HITPOINT WARNING * * *
You hit the jackal but do no damage. The jackal barely misses you.
Your magical contamination has completely faded away.
You closely miss the jackal. The jackal misses you.
The jackal closely misses you.
Aim: a jackal (lightly wounded, chance to defeat MR: 63%)
The jackal is outlined in light.
The jackal bites you.
* * * LOW HITPOINT WARNING * * *
You hit the jackal. The jackal barely misses you.
You hit the jackal.
You kill the jackal!
Unknown command.
A giant cockroach comes into view.
Found a stone staircase leading down.
A giant cockroach is nearby!
You start resting.
You start resting.
The giant cockroach is too close now for your liking.
You are too injured to fight recklessly!
The giant cockroach barely misses you.
You hit the giant cockroach. The giant cockroach bites you.
* * * LOW HITPOINT WARNING * * *
Aim: a giant cockroach (lightly wounded, chance to defeat MR: 63%)
The giant cockroach is outlined in light.
The giant cockroach bites you.
* * * LOW HITPOINT WARNING * * *
You hit the giant cockroach but do no damage.
The giant cockroach bites you.
You die...

.....# .....#
.....# ....s#
##########8..####
.................
####...##8..#.##
#.....##=.....
##.<@## >...##
#...s.# .....
##...## .####
...... # ########


You could see a giant cockroach.

Vanquished Creatures
  4 jackals (D:1)
  A rat (D:1)
5 creatures vanquished.

Notes
Turn   | Place    | Note
-------+----------+-------------------------------------------
     0 | D:1      | MalarOregon the Merfolk Enchanter began the quest for the
                  | Orb.
     0 | D:1      | Reached XP level 1. HP: 13/13 MP: 3/3
   136 | D:1      | Slain by a giant cockroach

Action                   || total
-------------------------++-------
Melee: Dagger            ||    27
 Cast: Corona            ||     5
Armor: Robe              ||     4
Dodge: Dodged            ||    21
